 Dungeon Crawl Stone Soup version 0.28-a0-925-gd5e1996cdb (webtiles) character file.

Game seed: 17221783425961828966

1855 dolemite99 the Grappler (level 8, -9/60 HPs)
             Began as a Troll Hedge Wizard on Nov 27, 2021.
             Was a Believer of Hepliaklqana.
             Mangled by a two-headed ogre (20 damage)
             ... on level 9 of the Dungeon.
             The game lasted 00:07:20 (6305 turns).

dolemite99 the Grappler (Troll Hedge Wizard)        Turns: 6305, Time: 00:07:21

Health: -9/60      AC:  8    Str: 21    XL:     8   Next: 89%
Magic:  8/10       EV:  9    Int: 10    God:    Hepliaklqana [**....]
Gold:   837        SH:  9    Dex: 15    Spells: 10/11 levels left

rFire   . . .      SeeInvis .     - Unarmed
rCold   . . .      Faith    .   A - +0 kite shield
rNeg    . . .      Spirit   .   b - +0 robe
rPois   .          Reflect  .   c - +0 hat
rElec   .          Harm     .   (no cloak)
rCorr   .          Rampage  .   (gloves unavailable)
Will    .....                   (boots unavailable)
Stlth   ++........              e - amulet of magic regeneration
HPRegen 1.00/turn               p - +6 ring of dexterity
MPRegen 0.52/turn               z - +4 ring of protection

@: no status effects
A: reduced essence, large, unfitting armour, claws 3, regeneration 1, shaggy fur
1, tough skin 1
a: Renounce Religion, Recall Ancestor, Ancestor Identity


You were on level 9 of the Dungeon.
You worshipped Hepliaklqana.
Hepliaklqana was pleased with you.
You visited 1 branch of the dungeon, and saw 9 of its levels.

You collected 837 gold pieces.

Inventory:

Hand Weapons
 a - a +0 dagger
 o - a +1 dagger of venom
Missiles
 n - 108 stones
 r - 11 poisoned darts (quivered)
 s - 9 boomerangs
 u - 22 sling bullets
Armour
 b - a +0 robe (worn)
 c - a +0 hat (worn)
 j - a +0 tower shield
 A - a +0 kite shield (worn)
Jewellery
 e - an amulet of magic regeneration (around neck)
 p - a +6 ring of dexterity (left claw)
 z - a +4 ring of protection (right claw)
Wands
 k - a wand of charming (10)
Scrolls
 f - 2 scrolls of magic mapping {unknown}
 g - 2 scrolls of enchant weapon {unknown}
 i - a scroll of noise
 l - 2 scrolls of enchant armour {unknown}
 q - a scroll of immolation {unknown}
 w - a scroll of amnesia {unknown}
 x - 2 scrolls of identify {@r1}
 y - a scroll of fear {unknown}
Potions
 d - 3 potions of curing
 h - a potion of berserk rage {unknown}
 m - 2 potions of invisibility {unknown}
 t - 2 potions of attraction {unknown}
 v - 2 potions of cancellation {unknown}


   Skills:
 - Level 1.5 Dodging
 - Level 1.0 Stealth
 + Level 5.5 Shields
 + Level 9.2 Unarmed Combat
 - Level 2.0 Spellcasting
 - Level 0.6 Conjurations
 - Level 0.6 Summonings
 - Level 0.6 Translocations


You had 10 spell levels left.
You knew the following spells:

 Your Spells              Type           Power      Damage    Failure   Level
a - Magic Dart            Conj           8%         1d3       45%         1

Your spell library contained the following spells:

 Spells                   Type           Power      Damage    Failure   Level
 Slow                     Hex            4%         N/A       54%         1
 Blink                    Tloc           4%         N/A       58%         2
 Call Imp                 Summ           2%         N/A       58%         2
 Static Discharge         Conj/Air       1%         N/A       65%         2
 Sublimation of Blood     Necr           1%         N/A       67%         2
 Call Canine Familiar     Summ           2%         N/A       83%         3
 Conjure Flame            Conj/Fire      1%         6-21      86%         3
 Portal Projectile        Hex/Tloc       2%         N/A       86%         3
 Mephitic Cloud           Conj/Pois/Air  1%         N/A       87%         3
 Leda's Liquefaction      Hex/Erth       0%         N/A       99%         4
 Petrify                  Tmut/Erth      1%         N/A       99%         4
 Irradiate                Conj/Tmut      0%         3d14      100%        5
 Iskenderun's Battlesphe  Conj           2%         2d6       100%        5
 Lightning Bolt           Conj/Air       0%         1d11      100%        5
 Metabolic Englaciation   Hex/Ice        0%         N/A       100%        5
 Iron Shot                Conj/Erth      0%         9d1       100%        6
 Statue Form              Tmut/Erth      0%         N/A       100%        6
 Spellforged Servitor     Conj/Summ      1%         N/A       100%        7
 Maxwell's Capacitive Co  Air            0%         ∞         100%        8


Dungeon Overview and Level Annotations

Branches:
Dungeon (10/15)            Temple (0/1) D:6
   Lair: D:8-11         Orc: D:9-12

Altars:
Hepliaklqana
Okawaru
Sif Muna

Shops:
D:1 *

Annotations:
D:4 Ijyb


Innate Abilities, Weirdness & Mutations

Your life essence is reduced to manifest your ancestor. (-10% HP)
You are too large for most types of armour.
You have claws for hands.
Your natural rate of healing is unusually fast.
You are covered in fur. (AC +1)
You have tough skin. (AC +1)


Message History

Okay, then.
Okay, then.
Okay, then.
You block something's attack. x2; You block the boulder beetle's attack.
The boulder beetle stops rolling and uncurls.
Something hits you! The wyvern bites you!
Nkonkoni hits something with a +0 flail!
Something hits you. x2
The boulder beetle curls into a ball and begins rolling!
The wyvern barely misses you. You block something's attack.
Something hits you but does no damage. The wyvern barely misses you.
You block the boulder beetle's attack.
The boulder beetle stops rolling and uncurls.
There is a stone staircase leading up here.
Something hits you. The wyvern bites you!
* * * LOW HITPOINT WARNING * * *
You block the boulder beetle's attack.
You climb upwards.
Reactivating autopickup.
Found a chain mail.
There is a stone staircase leading down here.
The wyvern closely misses you.
The wyvern bites you but does no damage.
The boulder beetle leaps!
The wyvern bites you.
* * * LOW HITPOINT WARNING * * *
You block the wyvern's attack.
A gnoll and a gnoll sergeant come into view.
The gnoll sergeant is wielding a +1 vorpal spear. 2 gnolls and a two-headed ogre come into view.
A gnoll is wielding a +2 spear of venom.
Found 15 gold pieces and a scroll labelled IJEKYS KEVARGH.
The boulder beetle waves its antennae.
You block the wyvern's attack.
The two-headed ogre shouts in stereo!
Nkonkoni is recalled.
The gnoll shouts! x3
You block the wyvern's attack.
The two-headed ogre hits you with a +0 giant spiked club!!
You die...

. .# ... ....
#. ..... #.
####g.....
#.##R@g......
#.#.l#Og.....
#....#..$g...
##[B.#.?.....
#..###...###
#>.# #.##
#..# .# #..#
.# #...


You could see the friendly Nkonkoni the knight, a boulder beetle, a two-headed
ogre, a wyvern (ally target), a gnoll sergeant and 3 gnolls.

Vanquished Creatures
  Edmund (D:5)
  Menkaure (D:7)
  A water moccasin (D:6)
  A necrophage (D:7)
  4 wights
  A howler monkey (D:4)
  2 hounds
  2 bullfrog skeletons (D:6)
  A centaur skeleton (D:5)
  2 orc wizards
  2 iguanas
  A hound skeleton (D:5)
  5 adders
  A howler monkey skeleton (D:6)
  An adder skeleton (D:4)
  4 worms
  4 orcs
  9 bats
  2 endoplasms
  14 giant cockroaches (D:2)
  2 goblins
  5 hobgoblins
  5 jackals
  4 quokkas
  6 ball pythons
  2 frilled lizards (D:3)
  2 kobolds
  4 rats
89 creatures vanquished.

Vanquished Creatures (collateral kills)
  Grinder (D:5)
  Eustachio (D:5)
  An ice beast (D:6)
  A centaur (D:6)
  A bullfrog (D:6)
  A scorpion (D:4)
  A water moccasin skeleton (D:5)
  A wight (D:6)
  A hound (D:6)
  An orc wizard (D:5)
  An adder (D:5)
  5 orcs
  2 jackals (D:5)
  A quokka (D:5)
  A frilled lizard (D:3)
20 creatures vanquished.

Vanquished Creatures (others)
  An ancestor (D:5)
  A plant (D:9)
2 creatures vanquished.

Grand Total: 111 creatures vanquished

Notes
Turn   | Place    | Note
-------+----------+-------------------------------------------
     0 | D:1      | dolemite99 the Troll Hedge Wizard began the quest for the
                  | Orb.
     0 | D:1      | Reached XP level 1. HP: 16/16 MP: 2/2
    50 | D:1      | Found Iwe Kaddigga's Assorted Antiques.
   416 | D:1      | Reached skill level 1 in Unarmed Combat
   636 | D:1      | Reached XP level 2. HP: 24/24 MP: 0/4
  1050 | D:2      | Reached skill level 2 in Unarmed Combat
  1091 | D:2      | Found a hazy altar of Hepliaklqana.
  1106 | D:2      | Became a worshipper of Hepliaklqana the Forgotten
  1418 | D:2      | Reached XP level 3. HP: 31/31 MP: 0/5
  1607 | D:2      | Reached skill level 3 in Unarmed Combat
  2293 | D:3      | Reached XP level 4. HP: 39/39 MP: 6/6
  2373 | D:3      | Reached skill level 4 in Unarmed Combat
  2579 | D:3      | Identified a scroll of acquirement
  2579 | D:3      | Acquired 454 gold pieces
  2821 | D:3      | Reached * piety under Hepliaklqana
  3114 | D:4      | Reached XP level 5. HP: 38/40 MP: 7/7
  3123 | D:4      | Reached skill level 5 in Unarmed Combat
  3163 | D:4      | Noticed Ijyb
  3238 | D:5      | Entered Level 5 of the Dungeon
  3252 | D:4      | Reached skill level 6 in Unarmed Combat
  3252 | D:4      | Reached XP level 6. HP: 31/47 MP: 8/8
  3429 | D:5      | Found a shimmering blue altar of Sif Muna.
  3555 | D:5      | Noticed Eustachio
  3562 | D:5      | Noticed Grinder
  3673 | D:5      | Reached ** piety under Hepliaklqana
  3676 | D:5      | Remembered your ancestor Nkonkoni as a knight
  3720 | D:5      | Noticed Edmund
  3892 | D:5      | Paralysed by Grinder for 3 turns
  3901 | D:5      | Killed Grinder
  3902 | D:5      | Reached skill level 7 in Unarmed Combat
  3902 | D:5      | Reached XP level 7. HP: 29/53 MP: 9/9
  3965 | D:5      | Killed Eustachio
  3966 | D:5      | Reached skill level 8 in Unarmed Combat
  4100 | D:5      | Found an iron altar of Okawaru.
  4230 | D:5      | Killed Edmund
  4505 | D:6      | Found a glowing drain.
  4515 | D:6      | Reached skill level 1 in Shields
  4532 | D:5      | Reached XP level 8. HP: 22/60 MP: 10/10
  5210 | D:6      | Found a staircase to the Ecumenical Temple.
  5367 | D:6      | Reached skill level 5 in Shields
  5849 | D:6      | Identified the +3 kite shield of Noon {*Slow rC+ Will+
                  | Dex+4}
  5917 | D:7      | Noticed Menkaure
  5925 | D:7      | Killed Menkaure
  5926 | D:7      | Reached skill level 9 in Unarmed Combat
  6163 | D:7      | You fall into a shaft and drop 3 floors!
  6163 | D:10     | Entered Level 10 of the Dungeon
  6292 | D:10     | Noticed a boulder beetle
  6304 | D:9      | Noticed a two-headed ogre
  6305 | D:9      | Mangled by a two-headed ogre

Illustrated notes

Levels and vault maps discovered:
D:1:      co_arrival_random_square_maze, layout_basic, serial_shops, shop,
          chequers_serial_rivers_room_b
D:2:      minmay_roachtagon, layout_basic, basic_altar,
          minmay_misc_feat_hallway, glass_columns_c, minivault_11,
          minmay_crystal_room, hangedman_decor_clover_reticule
D:3:      layout_basic
D:4:      layout_loops_ring, uniq_ijyb, uniq_natasha, uniq_crazy_yiuf_cottage
D:5:      layout_rooms, mainiacjoe_overflow_catwalk,
          mainiacjoe_overflow_24_doors, uniq_grinder, uniq_eustachio,
          uniq_edmund
D:6:      layout_gridville, minmay_temple_entry_statues, gup_sewer_entry_glass
D:7:      layout_basic, grunt_decor_one_mirror, minmay_misc_feat_secret_circle,
          minivault_23, feat_on_display, uniq_menkaure
D:9:      layout_loops_ring, grunt_lair_entry_orc_guard_hut, david_orc_4,
          grunt_ministairs_9, nicolae_shop_overcharged_wands
D:10:     layout_roguey

Skill      XL: |  1  2  3  4  5  6  7  8 |
---------------+-------------------------+-----
Unarmed Combat | 1 2 3 4 6 7 8 9 |  9.2
Shields        | 1 5 |  5.5
Dodging        | |  1.5
Stealth        | |  1.0
Spellcasting   | |  2.0
Conjurations   | |  0.6
Summonings     | |  0.6
Translocations | |  0.6

Action                   |  1- 3 |  4- 6 |  7- 9 || total
-------------------------+-------+-------+-------++-------
Melee: Unarmed           |   138 |    65 |    72 ||   275
       Punch             |     2 |       |       ||     2
Throw: Dart              |       |     2 |     2 ||     4
 Cast: Magic Dart        |    33 |    15 |       ||    48
Invok: Ancestor Life: Kn |       |     1 |       ||     1
       Recall Ancestor   |       |       |     3 ||     3
  Use: Scroll            |       |     3 |     2 ||     5
 Stab: Sleeping          |     1 |       |       ||     1
       Distracted        |       |     1 |       ||     1
Armor: Robe              |    47 |    34 |     7 ||    88
Dodge: Dodged            |    76 |    43 |    39 ||   158
Block: Tower shield      |       |    15 |     3 ||    18
       Kite shield       |       |       |    10 ||    10

Table legend: (Time is in decaauts)
 A = Elapsed time spent in this place.
 B = Non-inter-level travel time spent in this place.
 C = Inter-level travel time spent in this place.
 D = Time resting spent in this place.
 E = Time spent auto-exploring this place.
 F = Levels seen in this place.
 G = Mean time per level.
                   A        B        C        D        E       F      G
               +--------+--------+--------+--------+--------+-----+--------+
         Total |   6296 |   6039 |    257 |   1335 |   3506 |   9 |  699.6 |
       Dungeon |   6296 |   6039 |    257 |   1335 |   3506 |   9 |  699.6 |
               +--------+--------+--------+--------+--------+-----+--------+

Top non-repeatable levels by time:
     D:5: 1274 daAuts
     D:2: 1226 daAuts
     D:6: 1135 daAuts
     D:1: 941 daAuts
     D:3: 891 daAuts
     D:4: 394 daAuts
     D:7: 290 daAuts
    D:10: 135 daAuts
     D:9: 5 daAuts
